[Event "Velammal AICF Women GM 2024"]
[Site "Chennai"]
[Date "2024.03.18"]
[Round "1.1"]
[White "Velpula Sarayu"]
[Black "Bommini Mounika Akshaya"]
[Result "1-0"]
[ECO "B45"]
[WhiteElo "2389"]
[BlackElo "2134"]
[Annotator "TA"]
[PlyCount "73"]
[EventDate "2024.03.18"]
[EventCountry "IND"]
[SourceTitle "playchess.com"]
[Source "ChessBase"]
[SourceQuality "1"]
[TimeControl "5400+30"]

1. e4 c5 2. Nf3 e6 3. d4 cxd4 4. Nxd4 Nf6 5. Nc3 Nc6 6. Nxc6 bxc6 7. e5 Nd5 8. Ne4 Qc7 9. f4 Qb6 10. a3 {[%emt 0:00:29] Es drohte Qb4+} (10. c4 {wäre vielleicht verwirrender.} Bb4+ 11. Ke2 f5 12. exf6 Nxf6 13. Be3) 10... f5 11. exf6 Nxf6 12. Nxf6+ {[%emt 0:03:22] Weiß steht etwas besser.} gxf6 13. Bd3 Bc5 14. Bd2 {[%emt 0:12:47] Gegen a5 gerichtet.} d5 (14... h5 $11) 15. Qh5+ (15. Bc3 $1 $14) 15... Kd8 16. b4 (16. Bxh7 $2 Qxb2 17. Rc1 Qb7 (17... Qxa3 $2 18. Qf7 $17) 18. Ba5+ Bb6 19. Bxb6+ axb6 $19 (19... Qxb6 20. Qf7 $17)) 16... Be7 17. Qe2 {[%emt 0:02:00] Weiß steht aktiver.} (17. Bxh7 a5 18. b5 Qxb5 $17 (18... cxb5 19. Qf7 $15)) (17. Qf3 $14) 17... Kc7 $2 {[%emt 0:15:41] [#]} (17... a5 $1 $11) 18. Be3 (18. c4 $18) 18... d4 $16 19. Bf2 $36 {[%emt 0:03:19][%mdl 2048] Droht stark c3. Schwarz steht unter starkem Druck.} a5 (19... c5 $16 {war einen Versuch wert.}) 20. O-O $18 axb4 21. axb4 Rxa1 22. Rxa1 Bxb4 23. Qg4 Bf8 {[%emt 0:15:51] Wehrt Qg7+ ab} (23... Re8 {kämpft weiter.} 24. Qg7+ (24. Bxh7 f5 $14) 24... Be7 25. Bxh7 (25. Qxh7 Qb2 $18) 25... Kd6) 24. Qh5 (24. Bh4 $142 Qb2 25. Rf1 (25. Ra7+ Kb8 $14)) 24... Qc5 (24... Be7 $142 25. Qf7 (25. Bxh7 Qb2 $16) 25... Kd8) 25. Qf7+ Be7 26. c3 ({Schwächer ist} 26. Bxh7 Qd6 27. h4 (27. Ra7+ Bb7 $18) 27... Qd8 $18) 26... Rf8 27. Qxh7 e5 28. cxd4 exd4 29. f5 Kd8 30. Qh4 Qc3 31. Rd1 (31. Bxd4 Qxd3 32. Bb6+ Kd7 (32... Ke8 33. Qh5+ Rf7 34. Qh8+ Rf8 35. Qh5+ Rf7 36. Qh8+ Rf8 37. Qh5+ $11) 33. Ra7+ Ke8 34. Rxe7+ Kxe7 $17) 31... c5 (31... Bc5 32. Qf4 Rf7) 32. Qe4 Qb3 {[%emt 0:00:37] Verhindert Qd5+} 33. Rb1 Qa2 34. Qc6 {[%emt 0:01:08] Pariert Bd6.} Qa7 {[%emt 0:00:27] Verhindert Rb8.} 35. Bg3 {[%emt 0:00:48] [#] jetzt Rb8 und aus.} Bd7 36. Qd5 Ke8 37. Bc4 {[%emt 0:03:38] Gewichteter Fehlerwert: Weiß=0.32/Schwarz=0.71.  Verlustzug:     	---       	Schwarz=1     Fehler:       	Weiß=4     	Schwarz=5     Ungenau:       	---       	Schwarz=3     OK:         	Weiß=8     	Schwarz=7     Bester:       	Weiß=2     	Schwarz=1} 1-0

[Event "Velammal AICF Women GM 2024"]
[Site "Chennai"]
[Date "2024.03.18"]
[Round "1.2"]
[White "Mahalakshmi, M."]
[Black "Rindhiya V"]
[Result "1-0"]
[ECO "D02"]
[WhiteElo "2242"]
[BlackElo "1953"]
[Annotator "TA"]
[PlyCount "87"]
[EventDate "2024.03.18"]
[EventCountry "IND"]
[SourceTitle "playchess.com"]
[Source "ChessBase"]
[SourceQuality "1"]
[TimeControl "5400+30"]

1. d4 d5 2. Nf3 Nf6 3. c3 e6 4. Bf4 c5 5. e3 Nc6 6. Nbd2 Bd6 7. Bg3 O-O 8. Bd3 b6 9. Qe2 Bb7 10. Rd1 Re8 11. e4 {[%emt 0:01:17] And now e5 would win. The position is equal.} dxe4 12. Nxe4 Nxe4 13. Bxe4 {[%emt 0:01:27] dxc5 would now be deadly.} Qe7 ({Black should try} 13... cxd4 $14 14. Nxd4 Nxd4 15. Rxd4 Bd5) 14. dxc5 $16 Bxg3 15. hxg3 f5 16. Bc2 {[%emt 0:09:48] White is much more active.} Qxc5 17. Ng5 {[%emt 0:03:59][%cal Oe2h5] Intending Qh5! and mate.} h6 18. Rd7 Bc8 {[%emt 0:09:04][%mdl 8192] [#]} (18... Re7 $16) 19. Qh5 $1 Re7 $1 $14 ({Weaker is} 19... Bxd7 20. Qf7+ Kh8 21. Rxh6+ gxh6 22. Qh7#) ({Avoid the trap} 19... Qe5+ $2 20. Be4 $18) 20. Rxe7 Qxe7 21. Nf3 Ba6 22. Qg6 $40 {[%emt 0:05:01][%mdl 128] White goes for the king.} Qf7 23. Rxh6 {[%emt 0:00:39][%cal Oh6h8,Bh1h6,Bh6g6,Bg6e6][%mdl 32] Threatens to win with Rh8+!} Qxg6 24. Rxg6 Kf7 {[%emt 0:01:09] White stays focused until the end.} (24... Re8 $16) 25. Bxf5 $18 Ne7 (25... exf5 {might work better.} 26. Rxc6 Re8+ 27. Kd1 Re7) 26. Ng5+ ({Stronger than} 26. Rxe6 Nxf5 27. Ng5+ Kf8 $17) 26... Ke8 27. Rxe6 Bc8 28. Bg6+ Kd8 29. Be4 Rb8 30. Re5 b5 31. Ne6+ Bxe6 32. Rxe6 {[%emt 0:00:03][%mdl 4096] Endgame. KRB-KRN} Kd7 33. Ra6 {[%emt 0:00:10] White is clearly winning.} b4 34. Rxa7+ Kd6 35. Rb7 Rxb7 36. Bxb7 bxc3 37. bxc3 {[%emt 0:00:04] KB-KN} Kc7 38. Be4 Nc8 39. f4 Nd6 40. Bd3 Kc6 41. Ke2 Kc5 42. Ke3 Nc8 43. g4 Ne7 44. Be4 {[%emt 0:00:17] Weighted Error Value: White=0.35/Black=0.32.  Loses game:     	---       	Black=1      Missed win:     	White=1     	---        Mistake:       	---       	Black=3      Inaccurate:     	---       	Black=2      OK:         	White=13    	Black=7      Best:        	White=5     	Black=2      Strong:       	---       	Black=1} 1-0

[Event "Velammal AICF Women GM 2024"]
[Site "Chennai"]
[Date "2024.03.18"]
[Round "1.3"]
[White "Chitlange Sakshi"]
[Black "Uuriintuya, Uurtsaikh"]
[Result "1-0"]
[ECO "E63"]
[WhiteElo "2175"]
[BlackElo "2288"]
[Annotator "TA"]
[PlyCount "124"]
[EventDate "2024.03.18"]
[EventCountry "IND"]
[SourceTitle "playchess.com"]
[Source "ChessBase"]
[SourceQuality "1"]
[TimeControl "5400+30"]

1. d4 Nf6 2. c4 g6 3. g3 Bg7 4. Bg2 O-O 5. Nc3 d6 6. Nf3 Nc6 7. O-O a6 8. Bf4 Na5 (8... Rb8 $11 {is superior.}) 9. Qd3 Rb8 10. e4 b5 11. cxb5 axb5 12. Rfe1 Nh5 13. Bd2 b4 14. Nd5 c5 15. a3 (15. Bg5 $16 c4 16. Qd2) 15... Nc6 16. axb4 (16. dxc5 {keeps more tension.} bxa3 17. Rxa3 e6 18. Nb6) 16... Nxd4 17. bxc5 dxc5 18. Nxd4 Bxd4 19. Bc3 e6 20. Ne3 Qf6 {[%emt 0:02:30] Repels Bf3} 21. e5 Qxe5 22. Nc2 Qd6 (22... Bxc3 $1 $11 23. Rxe5 Bxe5) 23. Nxd4 $16 cxd4 ({Don't blunder} 23... e5 $2 24. Rxe5 (24. g4 $2 Nf4 $19) 24... Nf6 (24... Qxe5 $2 25. Nc6 $18) 25. Ra4 $18) 24. Qxd4 Qxd4 25. Bxd4 Bd7 26. Ra7 Bb5 27. Ra5 {[%emt 0:05:28] Be5 is the strong threat.} Bc4 28. Rea1 f6 {[%emt 0:04:05] Dodges Be5} 29. f4 Rfd8 30. Bc3 Bd5 31. Bh3 (31. Ra7 $142) 31... Rb7 32. Ra6 (32. b4 $16) 32... Kf7 $14 33. Ra7 Ng7 34. Rxb7+ Bxb7 35. Ra7 Rd7 36. Kf2 Nf5 37. Bg2 Bc6 38. Rxd7+ Bxd7 {[%emt 0:00:07][%mdl 4096] Endgame. KBB-KBN} 39. b4 Nd6 40. Ke3 Ke7 41. Kd3 g5 (41... Nf5 $11) 42. fxg5 $16 fxg5 43. Bd2 g4 (43... h6 $16) 44. Bf4 (44. Bg5+ $18 {is more deadly.} Ke8 45. Kd4) 44... Bb5+ {[%emt 0:01:00] [#]} (44... Nf5 $16 {might work better.}) 45. Kd4 $1 $18 Be2 46. Kc5 Nf7 47. b5 e5 48. Bd2 {[%emt 0:00:56] Hoping for b6.} Nd6 49. Bc6 ({White should play} 49. Bg5+ $16 Ke6 50. Bd5+ Kd7 51. Bc6+ Ke6 52. Bd2) 49... h5 $2 (49... Bxb5 $1 $11 {and Black stays safe.} 50. Bxb5 (50. Bg5+ Ke6 $11) 50... Ne4+ 51. Kd5 Nxd2 52. Kxe5 Nf3+ 53. Ke4 Nxh2) 50. b6 (50. Bh6 $142 Ke6 51. Bf8) 50... Ba6 $2 (50... Bf3 51. Bxf3 gxf3) 51. Kd5 {[%emt 0:00:28][%cal Od2b4] White wants to mate with Bb4!} Nc4 52. Bg5+ Kf7 53. b7 Nb6+ 54. Kxe5 Nd7+ 55. Bxd7 Bxb7 56. Bf5 Bg2 57. Be4 Bf1 58. Kf5 Be2 59. Bd8 Ke8 60. Bh4 Kd7 61. Kg5 Ke6 62. Bg6 Kd7 1-0

[Event "Velammal AICF Women GM 2024"]
[Site "Chennai"]
[Date "2024.03.18"]
[Round "1.4"]
[White "Sedina, Elena"]
[Black "Enkhtuul, Altan-Ulzii"]
[Result "1/2-1/2"]
[ECO "B03"]
[WhiteElo "2161"]
[BlackElo "2195"]
[Annotator "RC"]
[PlyCount "65"]
[EventDate "2024.03.18"]
[EventCountry "IND"]
[SourceTitle "playchess.com"]
[Source "ChessBase"]
[SourceQuality "1"]
[TimeControl "5400+30"]

1. e4 Nf6 2. e5 Nd5 3. d4 d6 4. c4 Nb6 5. exd6 exd6 6. Nc3 Nc6 7. d5 Ne5 8. f4 Ned7 9. Nf3 Be7 10. Be2 O-O 11. O-O Re8 12. Be3 Bf6 13. Bd4 Nc5 14. Qd2 Bg4 15. b3 a5 16. h3 Bxf3 17. Bxf3 a4 18. Rab1 axb3 19. axb3 h6 20. Bxf6 Qxf6 21. Nb5 Na6 22. Rfe1 Nd7 23. b4 Nf8 24. g3 Ng6 25. Bg2 h5 26. Rxe8+ Rxe8 27. h4 Ne7 28. Re1 Rf8 29. Qd4 Qxd4+ 30. Nxd4 Nc8 31. Nb5 Rd8 32. Rb1 Ne7 33. Kf2 1/2-1/2

[Event "Velammal AICF Women GM 2024"]
[Site "Chennai"]
[Date "2024.03.18"]
[Round "1.5"]
[White "Maisuradze, Nino"]
[Black "Monnisha G K"]
[Result "0-1"]
[ECO "D30"]
[WhiteElo "2254"]
[BlackElo "2202"]
[Annotator "TA"]
[PlyCount "66"]
[EventDate "2024.03.18"]
[EventCountry "IND"]
[SourceTitle "playchess.com"]
[Source "ChessBase"]
[SourceQuality "1"]
[TimeControl "5400+30"]

1. d4 Nf6 2. Nf3 e6 3. c4 d5 4. Bg5 h6 5. Bh4 dxc4 (5... g5 $5 6. Bg3 $8 Bg7 $11) 6. e3 b5 7. a4 Bb4+ 8. Nbd2 {[%emt 0:04:53] Black has an edge.} c6 9. Qc2 Bb7 10. Be2 Nbd7 11. O-O Qb6 12. Rfd1 O-O 13. e4 (13. Ne5 $11) 13... Bxd2 (13... a6 $17 {Hoping for ...c5.} 14. Ne5 c5 (14... Qxd4 $2 15. Ndxc4 Qa7 16. Nxd7 $18) 15. Nxd7 Nxd7) 14. Rxd2 (14. Nxd2 $11 {remains equal.} a5 15. Rac1) 14... c5 $17 15. dxc5 ({White should play} 15. axb5 Nxe4 (15... Bxe4 16. Qxc4 Bd5 17. Qc1 $11) 16. Rdd1) 15... Nxc5 16. Bxf6 gxf6 17. axb5 (17. e5 $17) 17... Nb3 $2 (17... Nxe4 $19 18. Bxc4 (18. Rd4 $2 Nxf2 19. Qxc4 e5 $19) 18... Nxd2 19. Qxd2 Rac8) 18. Ra3 $1 $15 Nxd2 (18... Qxb5 $2 {too greedy.} 19. Bxc4 (19. Qxc4 $2 Qxc4 20. Bxc4 Nxd2 $19) 19... Qc6 20. Qxb3 $18 (20. Rxb3 Rfc8 $18) (20. Bxb3 Rfc8 $18)) 19. Nxd2 Qd4 {[%emt 0:05:13] Strongly threatening ...Rad8.} 20. Rg3+ {[%emt 0:01:00] [#]} (20. Qc1 $1 $11 Rfd8 (20... Bxe4 $2 {perishes.} 21. Nxe4 Qxe4 22. Qxh6 $18) 21. Nxc4) 20... Kh7 $1 $17 {[%emt 0:00:35] And now ...Rad8 would win.} 21. e5+ (21. Rg4 $17 {was worth a try.} Qd7 22. Rf4) 21... f5 $19 22. Nxc4 {[%emt 0:00:34] [#]} Rac8 $1 23. b3 (23. Rc3 $142) 23... Rg8 24. Qc3 $2 (24. Bf1 {is more resistant.}) 24... Qxc3 {[%emt 0:00:17] Black is clearly winning.} 25. Rxc3 Rxg2+ 26. Kf1 Rxh2 27. f3 Bd5 28. Re3 f4 29. Rc3 Kg7 30. Rc2 Bxf3 {[%emt 0:00:29] ...Rxe2 would now be deadly.} 31. Ra2 Bxe2+ 32. Rxe2 Rxe2 33. Kxe2 Rc5 {[%emt 0:00:14] Weighted Error Value: White=0.91/Black=0.16 (very precise) .  Missed win:     	---       	Black=1      Mistake:       	White=8     	Black=1      Inaccurate:     	---       	Black=1      OK:         	White=2     	Black=9      Best:        	White=3     	Black=3      Strong:       	White=1     	Black=1} 0-1

[Event "Velammal AICF Women GM 2024"]
[Site "Chennai"]
[Date "2024.03.18"]
[Round "1.6"]
[White "Gomes, Mary Ann"]
[Black "Franco Valencia, Angela"]
[Result "1-0"]
[ECO "A07"]
[WhiteElo "2322"]
[BlackElo "2095"]
[Annotator "TA"]
[PlyCount "59"]
[EventDate "2024.03.18"]
[EventCountry "IND"]
[SourceTitle "playchess.com"]
[Source "ChessBase"]
[SourceQuality "1"]
[TimeControl "5400+30"]

1. Nf3 d5 2. b3 Nf6 3. Bb2 Bf5 4. g3 e6 5. Bg2 h6 6. d3 Bb4+ 7. Nbd2 Nbd7 8. O-O {[%emt 0:01:15][%cal Oe2e4] White has an edge.} O-O 9. h3 (9. Re1 {looks sharper.} c6 10. e4 Bg4 11. a3) 9... Bh7 10. a3 Be7 11. Qe1 c5 12. e4 b5 13. Qe2 (13. a4 $14) 13... a5 14. a4 bxa4 15. Rxa4 Nb6 16. Ra2 a4 17. Rfa1 axb3 18. Rxa8 Nxa8 19. Nxb3 (19. Ne5 {feels hotter.} bxc2 20. Nc6 Qd7 21. exd5 Bd6 22. Bxf6 gxf6 23. Ne4) 19... dxe4 20. Ne5 exd3 21. cxd3 Qb6 $2 {[%emt 0:03:31] [#]} (21... Nb6 $11 {and Black is okay.}) 22. Na5 $1 $18 {[%emt 0:00:21][%mdl 1024] White has strong compensation.} Nc7 23. Nac4 Qb5 24. Nc6 Re8 $2 {[%emt 0:04:28][%mdl 8192] This costs Black the game.} (24... Ncd5 $16 {might work better.} 25. Bxd5 Nxd5 26. Nxe7+ Nxe7) 25. Ra7 ({But not} 25. Qe5 Bxd3 26. Qxc7 Bxc4 $18) 25... Ncd5 (25... Qb3 $142 26. Rxc7 Bf8) 26. Bxd5 {[%emt 0:05:59] White is clearly winning.} (26. Bxf6 Qb1+ 27. Kh2 Bxd3 28. Nxe7+ Rxe7 $16) 26... Nxd5 27. Nxe7+ Rxe7 28. Ra8+ Re8 29. Nd6 Nc3 30. Qe5 {[%emt 0:01:38] Weighted Error Value: White=0.11 (very precise) /Black=0.49.  Loses game:     	---       	Black=2      Mistake:       	White=1     	Black=1      Inaccurate:     	White=2     	Black=2      OK:         	White=10    	Black=5      Best:        	White=1     	---        Strong:       	White=1     	---} 1-0

[Event "Velammal AICF Women GM 2024"]
[Site "Chennai"]
[Date "2024.03.19"]
[Round "2.1"]
[White "Bommini Mounika Akshaya"]
[Black "Franco Valencia, Angela"]
[Result "0-1"]
[ECO "A80"]
[WhiteElo "2134"]
[BlackElo "2095"]
[Annotator "RC"]
[PlyCount "68"]
[EventDate "2024.03.18"]
[EventType "tourn"]
[EventCountry "IND"]
[SourceTitle "playchess.com"]
[Source "ChessBase"]
[SourceQuality "1"]
[TimeControl "5400+30"]

1. d4 f5 2. Nc3 Nf6 3. Bf4 e6 4. g4 Nxg4 5. e4 d5 6. Nb5 Na6 7. e5 g5 8. h3 Nh6 9. Qh5+ Nf7 10. Bd2 Nb4 11. O-O-O Nxa2+ 12. Kb1 a6 13. Bxg5 Be7 14. Bxe7 Qxe7 15. Nxc7+ Qxc7 16. Kxa2 Qxc2 17. Bd3 Qa4+ 18. Kb1 Bd7 19. Nf3 h6 20. Bc2 Qb4 21. Rhg1 Rf8 22. Rg7 Rc8 23. Bxf5 exf5 24. e6 Bxe6 25. Qg6 Rc6 26. Re1 Ke7 27. Qxh6 Qb3 28. Qf4 Qc2+ 29. Ka1 Rb6 30. Qd2 Qxd2 31. Nxd2 Kd8 32. Rg6 Re8 33. Nf3 Rc6 34. Rf6 Re7 0-1

[Event "Velammal AICF Women GM 2024"]
[Site "Chennai"]
[Date "2024.03.19"]
[Round "2.2"]
[White "Monnisha G K"]
[Black "Gomes, Mary Ann"]
[Result "0-1"]
[ECO "B90"]
[WhiteElo "2202"]
[BlackElo "2322"]
[Annotator "TA"]
[PlyCount "62"]
[EventDate "2024.03.18"]
[EventType "tourn"]
[EventCountry "IND"]
[SourceTitle "playchess.com"]
[Source "ChessBase"]
[SourceQuality "1"]
[TimeControl "5400+30"]

1. e4 c5 2. Nf3 d6 3. d4 cxd4 4. Nxd4 Nf6 5. Nc3 a6 6. h3 e5 7. Nde2 h5 8. g3 Be6 9. Bg5 Nbd7 {[%emt 0:00:17] The position is equal.} 10. Bg2 Be7 11. Bxf6 (11. O-O $11) 11... Nxf6 $15 12. Nd5 Nxd5 13. exd5 Bd7 14. O-O Qc8 15. Kh2 g5 {[%emt 0:01:09] Black is more active.} 16. f4 (16. Rc1 $17) 16... h4 $1 $19 17. fxe5 $2 (17. f5 Bxf5 18. g4 Bxc2 19. Qe1) 17... hxg3+ $1 18. Kxg3 (18. Nxg3 Bxh3 19. Qe1 Bxg2+ (19... Qxc2 $2 20. Rf2 $19) 20. Kxg2 Qh3+ (20... Qxc2+ 21. Rf2 $11) 21. Kf3 Rh4 22. exd6 Rf4+ 23. Ke2 Bxd6 24. Rxf4 Bxf4 (24... gxf4 25. Ne4 $17)) 18... g4 $2 (18... Bxh3 19. e6 Bxg2 20. Qd4 $11) (18... dxe5 $19 19. d6 Bxh3 20. d7+ Bxd7) 19. Rxf7 $2 {[%emt 0:20:06] [#]} gxh3 $1 ({Don't take} 19... Kxf7 20. e6+ Ke8 21. Nf4) 20. Nf4 $2 (20. Be4 Kxf7 21. e6+ Kf8 22. Qd4 Rg8+ 23. Kh2) 20... dxe5 $2 ({Not} 20... Kxf7 21. e6+ Ke8 22. exd7+ Qxd7 23. Bxh3 Bh4+ 24. Kf3 $17) (20... Bh4+ 21. Kh2 hxg2 (21... Kxf7 22. e6+ Ke8 23. Be4 $11) (21... dxe5 22. Ng6 $17)) 21. Rxe7+ Kxe7 22. Ng6+ {[%emt 0:00:22] [#]} Kf6 $1 23. Be4 {[%emt 0:01:39] Black must now prevent Qf3+.} Bf5 $1 24. Qd3 (24. Qf3 Rg8 (24... Kxg6 25. Kh2 $15) 25. Rf1 Rxg6+ 26. Kh2 Rg2+ 27. Kh1) 24... Kxg6 25. Rf1 Rh5 {[%emt 0:04:44] Strongly threatening ...h2.} 26. Bxf5+ Rxf5 27. Qe4 Qd7 {[%emt 0:03:17] Threatens to win with ...Rh8.} 28. Kh2 Rh8 {[%emt 0:00:19] ...Kf6 is the strong threat.} 29. Rg1+ Kf6 30. Qe3 {[%emt 0:00:13] Inhibits Rf2+.} Qxd5 {[%emt 0:02:04][%cal Od5d4] ( -> ...Qd4!)} 31. Qb6+ Qc6 {[%emt 0:00:07] Weighted Error Value: White=1.48/Black=0.38.  Loses game:     	White=1     	---        Missed win:     	---       	Black=1      Mistake:       	White=5     	Black=1      Inaccurate:     	White=3     	Black=1      OK:         	White=2     	Black=5      Best:        	White=2     	---        Strong:       	---       	Black=3} 0-1

[Event "Velammal AICF Women GM 2024"]
[Site "Chennai"]
[Date "2024.03.19"]
[Round "2.3"]
[White "Enkhtuul, Altan-Ulzii"]
[Black "Maisuradze, Nino"]
[Result "1/2-1/2"]
[ECO "A75"]
[WhiteElo "2195"]
[BlackElo "2254"]
[Annotator "TA"]
[PlyCount "43"]
[EventDate "2024.03.18"]
[EventType "tourn"]
[EventCountry "IND"]
[SourceTitle "playchess.com"]
[Source "ChessBase"]
[SourceQuality "1"]
[TimeControl "5400+30"]

1. d4 Nf6 2. Nf3 c5 3. d5 e6 4. c4 exd5 5. cxd5 d6 6. Nc3 g6 7. e4 a6 8. a4 Bg4 9. Be2 Bxf3 10. Bxf3 Bg7 11. O-O O-O 12. Bf4 Re8 13. Re1 Qc7 {[%emt 0:15:10] [#]} 14. e5 $1 dxe5 15. d6 Qb6 {[%emt 0:01:24] White is better.} 16. a5 {[%emt 0:04:07] White is more active.} Qxb2 17. Bd2 {[%emt 0:04:46] Ra2 is the strong threat. This pair of bishops is nice.} Nc6 18. Ra2 {[%emt 0:26:08][%mdl 1024] White has strong compensation.} Qb4 19. Ra4 (19. Nd5 $5 Qd4 20. Ra4 $16) 19... Qb2 20. Ra2 Qb4 {[%emt 0:00:06] [#]} 21. Ra4 (21. Nd5 $1 $16 Qd4 22. Ra4) 21... Qb2 $11 22. Ra2 {[%emt 0:00:08] Weighted Error Value: White=0.22 (precise) /Black=0.05 (flawless) .  Mistake:       	White=1     	---        OK:         	White=4     	Black=6      Best:        	---       	Black=1      Brilliant:      	White=1     	---} 1/2-1/2

[Event "Velammal AICF Women GM 2024"]
[Site "Chennai"]
[Date "2024.03.19"]
[Round "2.4"]
[White "Uuriintuya, Uurtsaikh"]
[Black "Sedina, Elena"]
[Result "1/2-1/2"]
[ECO "C09"]
[WhiteElo "2288"]
[BlackElo "2161"]
[Annotator "RC"]
[PlyCount "110"]
[EventDate "2024.03.18"]
[EventType "tourn"]
[EventCountry "IND"]
[SourceTitle "playchess.com"]
[Source "ChessBase"]
[SourceQuality "1"]
[TimeControl "5400+30"]

1. e4 e6 2. d4 d5 3. Nd2 c5 4. exd5 exd5 5. Ngf3 Nc6 6. Bb5 Bd6 7. O-O Nge7 8. dxc5 Bxc5 9. Nb3 Bd6 10. c3 O-O 11. Bg5 h6 12. Bh4 Qb6 13. Bxe7 Nxe7 14. Be2 Re8 15. Qd4 Qc7 16. Rad1 Nc6 17. Qd3 a6 18. h3 Be6 19. Nbd4 Rad8 20. Rfe1 Bc8 21. Nf5 Bc5 22. N3d4 Qf4 23. Qf3 Qxf3 24. Bxf3 Nxd4 25. Nxd4 Rxe1+ 26. Rxe1 Kf8 27. Rd1 Bb6 28. Ne2 Be6 29. Nf4 d4 30. Nxe6+ fxe6 31. Bxb7 dxc3 32. Rxd8+ Bxd8 33. bxc3 a5 34. Kf1 Bf6 35. c4 Bd4 36. Ke2 Ke7 37. f4 Kd6 38. Kd3 Bg1 39. a4 Bf2 40. Ke4 Bb6 41. g4 Bf2 42. Bc8 Bc5 43. h4 Bb4 44. h5 Ba3 45. g5 Bb4 46. Ba6 Ba3 47. Bc8 Bb4 48. Kd4 Bc5+ 49. Ke4 Bb4 50. f5 exf5+ 51. Kxf5 Bd2 52. Kg6 Bxg5 53. Kxg7 Kc5 54. Ba6 Kb6 55. Bb5 Kc5 1/2-1/2

[Event "Velammal AICF Women GM 2024"]
[Site "Chennai"]
[Date "2024.03.19"]
[Round "2.5"]
[White "Rindhiya V"]
[Black "Chitlange Sakshi"]
[Result "0-1"]
[ECO "C10"]
[WhiteElo "1953"]
[BlackElo "2175"]
[Annotator "RC"]
[PlyCount "96"]
[EventDate "2024.03.18"]
[EventType "tourn"]
[EventCountry "IND"]
[SourceTitle "playchess.com"]
[Source "ChessBase"]
[SourceQuality "1"]
[TimeControl "5400+30"]

1. e4 e6 2. d4 d5 3. Nc3 Nf6 4. Bg5 dxe4 5. Nxe4 Nbd7 6. Nf3 h6 7. Bxf6 Nxf6 8. Nxf6+ Qxf6 9. Bd3 Bd6 10. Qe2 Bd7 11. Ne5 O-O-O 12. O-O Be8 13. c3 c5 14. Rfd1 h5 15. a4 Bc7 16. Qe4 Qe7 17. Bc4 cxd4 18. cxd4 Bxe5 19. Qxe5 Qc7 20. Qe3 Kb8 21. b3 Bc6 22. Rac1 Qd6 23. Be2 Rd7 24. Bf3 Bxf3 25. Qxf3 g6 26. Rc5 Rhd8 27. Qc3 Rc7 28. Rc1 Rxc5 29. Qxc5 Qxc5 30. dxc5 a5 31. Kf1 Rd3 32. c6 Rxb3 33. cxb7 Rb4 34. Rc5 Rxa4 35. Rb5 Ra1+ 36. Ke2 a4 37. g3 a3 38. Kf3 Rc1 39. Ra5 Rc3+ 40. Ke4 Kxb7 41. Ke5 Rf3 42. Kd6 Kb6 43. Ra8 Kb5 44. Ke7 Kb4 45. h4 Kb3 46. Rb8+ Ka2 47. Kf8 Rxf2 48. Kg7 Ka1 0-1

[Event "Velammal AICF Women GM 2024"]
[Site "Chennai"]
[Date "2024.03.19"]
[Round "2.6"]
[White "Velpula Sarayu"]
[Black "Mahalakshmi, M."]
[Result "1/2-1/2"]
[ECO "B12"]
[WhiteElo "2389"]
[BlackElo "2242"]
[Annotator "TA"]
[PlyCount "86"]
[EventDate "2024.03.18"]
[EventType "tourn"]
[EventCountry "IND"]
[SourceTitle "playchess.com"]
[Source "ChessBase"]
[SourceQuality "1"]
[TimeControl "5400+30"]

1. e4 c6 2. d4 d5 3. f3 e6 4. Nc3 Bb4 5. Bd2 Nf6 6. e5 Nfd7 {[%emt 0:00:24] [#] aiming for ...Qh4+.} 7. f4 b6 8. Nf3 {[%emt 0:02:06] White is slightly better.} Ba6 9. Bxa6 Nxa6 10. Qe2 Nc7 11. O-O-O Qe7 12. g4 b5 13. f5 Nb6 14. Be1 {[%emt 0:04:30] White is more active.} (14. f6 $16 gxf6 15. Rdf1 (15. exf6 Qxf6 16. Ne5 Qg7 $16)) 14... a5 15. Rf1 Nc4 16. Bh4 Qf8 17. Nb1 h6 (17... h5 $11 {remains equal.} 18. h3 hxg4 19. hxg4 a4) 18. Ne1 ({White should play} 18. Nfd2 $16) 18... a4 (18... h5 $1 $11) 19. Nd3 Be7 (19... h5 $1 $14) 20. Bxe7 $16 Qxe7 21. f6 $36 {[%emt 0:00:30][%mdl 2048] White is on the roll.} gxf6 22. Rxf6 (22. exf6 Qd6 $16) 22... O-O-O 23. b3 Na3 (23... Nb6 $16 24. Rdf1 Rh7) 24. Qd2 Na6 25. Rdf1 {[%emt 0:03:08] [#] Hoping for Qa5.} (25. Rxh6 Rxh6 26. Qxh6 b4 27. bxa4 Nc4 $18) 25... Rh7 26. Nxa3 (26. Rxh6 Rxh6 27. Qxh6 Nb4 28. Nxb4 (28. Nxa3 Nxd3+ 29. Kd2 Nxe5 $11) 28... Qxb4 29. Nxa3 (29. Rxf7 Qe1+ 30. Kb2 Nxb1 $11) 29... Qxa3+ 30. Kb1 Rd7 $18) 26... Qxa3+ 27. Kb1 {[%emt 0:00:00] And now Qa5 would win.} Rd7 (27... Qe7 $142 28. Qa5 (28. Rxh6 Rxh6 29. Qxh6 Rg8 $18) 28... Kb7 29. bxa4 h5 30. axb5 cxb5 31. gxh5 (31. Qxb5+ Ka7 $18) 31... Rc8 32. Qxb5+ Ka7) 28. Rxh6 Nb4 29. Nxb4 (29. Rxh7 $2 {leads to mate.} Qxa2+ 30. Kc1 Qa1#) 29... Rxh6 30. Qxh6 Qxb4 $18 {[%emt 0:00:04][%mdl 4096] Endgame. KQR-KQR} 31. Qe3 c5 32. dxc5 {[%emt 0:02:14] c6 would now be deadly.} d4 33. Qe4 {[%emt 0:00:22] White wants to mate with Qa8+.} Qxc5 34. h4 a3 35. Rf3 (35. h5 $16) 35... d3 $11 {[%emt 0:00:56] The position is equal.} 36. Qa8+ (36. cxd3 {is a self mate.} Qg1+ 37. Kc2 Rc7+) 36... Kc7 37. cxd3 {[%emt 0:00:28] Threatens to win with Rf1.} Qg1+ 38. Kc2 Qh2+ 39. Kd1 Qxa2 40. Qa5+ Kc6 41. Qa6+ Kc7 42. Qa5+ Kc6 43. Qa6+ Kc7 {[%emt 0:00:05] White really could win this.   Weighted Error Value: White=0.24 (precise) /Black=0.29 (precise) .  Loses game:     	---       	Black=1      Mistake:       	White=3     	Black=4      Inaccurate:     	White=3     	Black=4      OK:         	White=15    	Black=15     Best:        	White=2     	Black=2} 1/2-1/2